 Dungeon Crawl Stone Soup version 0.22.1-1-ga44c0e5 (webtiles) character file.

80 dvd the Firebug (level 4, -1/27 HPs)
             Began as an Octopode Fire Elementalist on Oct 6, 2018.
             Slain by a worm (11 damage)
             ... on level 2 of the Dungeon.
             The game lasted 00:03:42 (1624 turns).

dvd the Firebug (Octopode Fire Elementalist)        Turns: 1624, Time: 00:03:43

Health: -1/27      AC:  3    Str:  7    XL:     4   Next: 39%
Magic:  7/7        EV: 14    Int: 18    God:
Gold:   46         SH:  0    Dex: 14    Spells: 5/8 levels left

rFire    . . .     SeeInvis .   l - +1 dagger (venom)
rCold    . . .     Gourm    .   (no shield)
rNeg     . . .     Faith    .   a - +2 hat
rPois    .         Spirit   .   (no amulet)
rElec    .         Reflect  .   d - +2 ring of dexterity
rCorr    .         Harm     .   (no ring)
MR       .....                  (no ring)
Stlth    +++.......             (no ring)
HPRegen  0.09/turn              (no ring)
MPRegen  0.10/turn              (no ring)
                                (no ring)
                                (no ring)

@: no status effects
A: almost no armour, stealthy swim, amphibious, 8 rings, constrict 8, camouflage
1, gelatinous body 1
a: no special abilities


You were on level 2 of the Dungeon.
You were not hungry.

You visited 1 branch of the dungeon, and saw 2 of its levels.

You collected 46 gold pieces.

Inventory:

Hand Weapons
 i - a +0 whip
 l - a +1 dagger of venom (weapon)
Armour
 a - a +2 hat (worn)
Jewellery
 d - a +2 ring of dexterity (left tentacle)
 h - an uncursed amulet of faith
Scrolls
 c - 4 scrolls of identify {unknown}
 e - 3 scrolls of blinking {unknown}
 f - a scroll of immolation {unknown}
 j - a scroll of random uselessness {unknown}
 m - a scroll of teleportation {unknown}
Potions
 k - a potion of curing {unknown}
 n - a potion of cancellation {unknown}
Comestibles
 b - 3 rations
 g - 7 chunks of flesh


   Skills:
 + Level 0.3 Fighting
 + Level 2.3 Dodging
 + Level 3.0 Stealth
 + Level 2.5 Spellcasting
 + Level 2.2 Conjurations
 + Level 3.8 Fire Magic


You had 5 spell levels left.
You knew the following spells:

 Your Spells              Type           Power        Failure   Level  Hunger
a - Flame Tongue          Conj/Fire      ##...        4%          1    #......
b - Throw Flame           Conj/Fire      ##....       8%          2    ##.....

Your spell library contained the following spells:

 Spells                   Type           Power        Failure   Level  Hunger
 Conjure Flame            Conj/Fire      ##......     14%         3    ###....
 Inner Flame              Hex/Fire       #.......     24%         3    ###....
 Sticky Flame             Conj/Fire      ##......     43%         4    #####..
 Fireball                 Conj/Fire      ##........   80%         5    ######.


Dungeon Overview and Level Annotations

Branches:
Dungeon (2/15)

Altars:


Innate Abilities, Weirdness & Mutations

You cannot wear most types of armour.
You are very stealthy in the water. (Stealth+)
You are amphibious.
You can wear up to eight rings at the same time.
You can use your tentacles to constrict eight enemies at once.
Your skin changes colour to match your surroundings (Stealth+).
Your rubbery body absorbs attacks. (AC +1, EV +1)


Message History

You constrict the worm. You hit the worm.
The worm is poisoned.
The worm is heavily wounded.
You constrict the worm. The worm bites you!
You hit the worm.
The worm looks as sick as possible!
The worm is severely wounded.
You constrict the worm.
You kill the worm!
The worm misses you.
Items here: )) ††††††† The jackal barks!
You hit the worm but do no damage.
The worm is poisoned.
You grab the worm. You constrict the worm. You hit the worm but do no damage.
You squeeze the worm.
The worm is heavily wounded.
You constrict the worm. The worm bites you!
You hit the worm.
The worm looks as sick as possible!
The worm is severely wounded.
You constrict the worm. The jackal barely misses you. The worm bites you!
You die...

##....##....# #..#.###....#
.###### #...##.###....####
...h......####.#......#.>.
.......## #.............
#.[.... ##.............
.......#####..............
#.g......))...hw..............
........##.####@##............
..... #.## #.##............
#.... ...# #.##............
#..... ..#.###.###....#.#....
#.#...###.......# ##..........
....#........#### ##).#.#.###
......#...##.# #####......#
##..#.##.# #..........#
..###...#..#.####....>.....#


You could see a worm and a jackal.

Vanquished Creatures
  2 adders (D:2)
  2 oozes
  A worm (D:2)
  2 dart slugs (D:1)
  A leopard gecko (D:2)
  2 giant cockroaches (D:2)
  2 goblins (D:1)
  10 hobgoblins
  7 jackals
  A ball python (D:2)
  2 bats (D:1)
  3 frilled lizards
  4 kobolds
  5 rats
44 creatures vanquished.

Notes
Turn   | Place    | Note
-------+----------+-------------------------------------------
     0 | D:1      | dvd the Octopode Fire Elementalist began the quest for the
                  | Orb.
     0 | D:1      | Reached XP level 1. HP: 11/11 MP: 3/3
   316 | D:1      | Reached XP level 2. HP: 17/17 MP: 1/5
   323 | D:1      | Learned a level 2 spell: Throw Flame
   836 | D:1      | Reached XP level 3. HP: 11/21 MP: 0/6
  1585 | D:2      | Reached XP level 4. HP: 27/27 MP: 5/7
  1624 | D:2      | Slain by a worm

Skill      XL: |  1  2  3  4 |
---------------+-------------+-----
Conjurations   | 2 |  2.2
Stealth        | 3 |  3.0
Fighting       | |  0.3
Dodging        | |  2.3
Spellcasting   | |  2.5
Fire Magic     | |  3.8

Action                   |  1- 3 |  4- 6 || total
-------------------------+-------+-------++-------
Melee: Unarmed           |    18 |       ||    18
       Constrict         |     7 |     8 ||    15
       Tentacles         |     5 |     4 ||     9
       Dagger            |    10 |    28 ||    38
       Whip              |     1 |       ||     1
 Cast: Flame Tongue      |    36 |     3 ||    39
       Throw Flame       |    10 |       ||    10
 Stab: Sleeping          |     2 |       ||     2
  Eat: Chunk             |     3 |       ||     3
Armor: Skin              |     3 |     2 ||     5
Dodge: Dodged            |    14 |    22 ||    36
